 Dungeon Crawl Stone Soup version 0.31-a0-971-g75a2e9a4b4 (webtiles) character file.

Game seed: 8944312048901441124

77 porpoise the Shooter (level 4, -4/35 HPs)
             Began as a Human Hunter on Oct 29, 2023.
             Slain by an orc
             ... wielding a +3 flail
              (6 damage)
             ... on level 3 of the Dungeon.
             The game lasted 00:04:39 (1904 turns).

porpoise the Shooter (Human Hunter)                 Turns: 1904, Time: 00:04:40

Health: -4/35      AC:  3    Str: 11    XL:     4   Next: 58%
Magic:  4/4        EV: 12    Int: 10    God:
Gold:   50         SH:  0    Dex: 18    Spells: 3/3 levels left

rFire   . . .        a - +0 shortbow
rCold   . . .        (shield currently unavailable)
rNeg    . . .        c - +0 leather armour
rPois   .            (no helmet)
rElec   .            (no cloak)
rCorr   .            (no gloves)
SInv    .            (no boots)
Will    .....        (no amulet)
Stlth   ++           (no ring)
HPRegen 0.25/turn    (no ring)
MPRegen 0.09/turn

%: no passive effects
@: no status effects
A: no striking features
a: no special abilities


You were on level 3 of the Dungeon.
You visited 1 branch of the dungeon, and saw 3 of its levels.

You collected 50 gold pieces.

Inventory:

Hand Weapons
 a - a +0 shortbow (weapon)
Armour
 c - a +0 leather armour (worn)
Scrolls
 b - a scroll of butterflies
 d - 2 scrolls of noise
 e - 2 scrolls of enchant armour
 f - a scroll of amnesia
 g - a scroll of vulnerability {unknown}
 h - a scroll of silence {unknown}
 i - 2 scrolls of poison
 k - a scroll of teleportation {unknown}
 l - 3 scrolls of blinking {unknown}
 o - a scroll of acquirement {unknown}
Potions
 j - a potion of curing
 m - a potion of heal wounds {unknown}
 n - a potion of mutation {unknown}


   Skills:
 + Level 3.0 Fighting
 * Level 5.2 Ranged Weapons
 - Level 2.0 Dodging
 - Level 1.0 Stealth


You had 3 spell levels left.
You didn't know any spells.
Your spell library contained the following spells:

 Spells                   Type           Power      Damage    Failure   Level
 Lesser Beckoning         Tloc           0%         N/A       58%         2
 Dazzling Flash           Conj/Hex       0%         N/A       83%         3
 Gell's Gravitas          Tloc           0%         N/A       83%         3
 Teleport Other           Tloc           0%         N/A       83%         3
 Agony                    Necr           0%         N/A       100%        5
 Silence                  Hex/Air        0%         N/A       100%        5


Dungeon Overview and Level Annotations

Branches:
Dungeon (3/15)

Altars:

Shops:
D:2 :


Message History

The orc is heavily wounded.
An orc comes into view. It is wielding a +3 flail.
Something hits you but does no damage.
Fire: a) +0 shortbow
Press: ? - help, Q - select action Shift-Dir - straight line, f/p - orc
Aim: an orc, wielding a +0 short sword and wearing a +0 leather armour (heavily wounded, 64% to hit)
You shoot an arrow. The orc shouts!
The arrow hits the orc.
The orc is almost dead.
You hear some strange, mumbled words.
You are confused.
Non-targeted confused fire: a) +0 shortbow
Press: ? - help, Q - select action Dir - look around, f - activate You shoot an arrow.
Something hits you but does no damage. Something hits you.
Unknown command.
You bump into the rock wall.
An orc comes into view. It is wielding a +0 dagger.
Something hits you.
You miss something.
You hear some strange, mumbled words.
A puff of flame appears from out of thin air!
The puff of flame hits you!
You're too confused to move!
An orc comes into view. It is wielding a +0 club.
You're too confused to move!
You bump into the rock wall.
You feel less confused. The orc hits you with a +3 flail!
You shoot an arrow. The arrow hits the orc.
The orc is lightly wounded.
The orc hits you with a +3 flail.
* * * LOW HITPOINT WARNING * * *
You shoot an arrow. The arrow hits the orc.
The orc is heavily wounded.
The orc hits you with a +3 flail.
* * * LOW HITPOINT WARNING * * *
The orc hits you with a +3 flail.
You die...

#.#.....#.# #..#.#..#
#.#..##.#.###..#.#..#
#.#..##.#......#....#
#)......##.###[....##
#.########.#####.#####.#
#.....# #.....ooo.....#
#.##### #######{#######
#.# #o# #.# #@# ..# ###
###


You could see 4 orcs.

Vanquished Creatures
  3 adders
  A worm (D:3)
  2 dart slugs (D:1)
  8 endoplasms
  2 giant cockroaches (D:2)
  3 goblins
  2 hobgoblins
  3 jackals (D:2)
  2 kobolds
  2 ball pythons
  5 bats
  5 frilled lizards
  4 rats
42 creatures vanquished.

Notes
Turn   | Place    | Note
-------+----------+-------------------------------------------
     0 | D:1      | porpoise the Human Hunter began the quest for the Orb.
     0 | D:1      | Reached XP level 1. HP: 16/16 MP: 1/1
   194 | D:1      | Reached XP level 2. HP: 22/22 MP: 2/2
   764 | D:2      | Reached XP level 3. HP: 28/28 MP: 3/3
   965 | D:2      | Found Pahal's Book Boutique.
   965 | D:2      | Noticed a walking earthen tome
   965 | D:2      | Noticed a walking divine tome
  1214 | D:2      | Reached XP level 4. HP: 34/34 MP: 4/4
  1532 | D:3      | Reached skill level 5 in Ranged Weapons
  1790 | D:3      | Found a faded altar of an unknown god.
  1904 | D:3      | Slain by an orc

Illustrated notes

Levels and vault maps discovered:
D:1:      evilmike_arrival_plus, layout_basic, serial_park_tiny_pond,
          chequers_big_river
D:2:      layout_basic, serial_shops, nicolae_shop_mannequins,
          minmay_misc_feat_hallway
D:3:      layout_basic, nicolae_ecumenical_lake_church

Skill      XL: |  1  2  3  4 |
---------------+-------------+-----
Fighting       | 3 |  3.0
Ranged Weapons | 5 |  5.2
Dodging        | |  2.0
Stealth        | |  1.0

Action                     |  1- 3 |  4- 6 || total
---------------------------+-------+-------++-------
  Melee: Shortbow          |       |     1 ||     1
   Fire: Shortbow          |    71 |    56 ||   127
    Use: Scroll            |     3 |     3 ||     6
 Armour: Leather armour    |     9 |    15 ||    24
  Dodge: Dodged            |    11 |     7 ||    18

Table legend: (Time is in decaauts)
 A = Elapsed time spent in this place.
 B = Non-inter-level travel time spent in this place.
 C = Inter-level travel time spent in this place.
 D = Time resting spent in this place.
 E = Time spent auto-exploring this place.
 F = Levels seen in this place.
 G = Mean time per level.
                   A        B        C        D        E       F      G
               +--------+--------+--------+--------+--------+-----+--------+
         Total |   1941 |   1890 |     51 |    207 |   1408 |   3 |  647.0 |
       Dungeon |   1941 |   1890 |     51 |    207 |   1408 |   3 |  647.0 |
               +--------+--------+--------+--------+--------+-----+--------+

Top non-repeatable levels by time:
     D:2: 770 daAuts
     D:1: 649 daAuts
     D:3: 521 daAuts
